 Dungeon Crawl Stone Soup version 0.18-a0-514-ga7d9996 (webtiles) character file.

26 MrRokkomies the Sneak (level 3, 0/16 HPs)
             Began as a Vine Stalker Enchanter on Dec 3, 2015.
             Was an Initiate of Ru.
             Slain by a gnoll
             ... wielding a +0 flail
              (6 damage)
             ... on level 3 of the Dungeon.
             The game lasted 00:03:19 (1281 turns).

MrRokkomies the Sneak (Vine Stalker Enchanter)      Turns: 1281, Time: 00:03:19

Health: 0/16       AC:  3    Str: 10    XL:     3   Next: 8%
Magic:  0/7        EV:  7    Int: 19    God:    Ru [......]
Gold:   90         SH:  0    Dex: 14    Spells: 2 memorised, 3 levels left

rFire  . . .     SeeInvis .     a - +1 dagger
rCold  . . .     Clarity  .     b - +1 robe
rNeg   . . .     SustAt   .     (no shield)
rPois  .         Gourm    .     (no helmet)
rElec  .         Spirit   +     (no cloak)
rCorr  .         Dismiss  .     (no gloves)
rMut   .         Stasis   .     (no boots)
MR     .....                    (no amulet)
Stlth  +++.......               (no ring)
                                k - +3 ring of intelligence

@: not resistant to hostile enchantments, fairly stealthy
A: fangs 2, regeneration 1, magic shield, antimagic bite, no device heal 3, rot
immunity
a: Renounce Religion


You were on level 3 of the Dungeon.
You worshipped Ru.
Ru was noncommittal.
You were very hungry.

You visited 1 branch of the dungeon, and saw 3 of its levels.

You collected 90 gold pieces.

Inventory:

Hand Weapons
 a - a +1 dagger (weapon)
Armour
 b - a +1 robe (worn)
Jewellery
 e - a cursed ring of teleportation {unknown}
 k - a +3 ring of intelligence (left hand)
Scrolls
 i - a scroll of identify
Potions
 h - 2 potions of heal wounds
Books
 c - a book of Maledictions

   Spells                             Type                      Level
   a - Corona                         Hexes                        1
   b - Ensorcelled Hibernation        Hexes/Ice                    2
   c - Confuse                        Hexes                        3
   d - Tukima's Dance                 Hexes                        3
   e - Dazzling Spray                 Conjuration/Hexes            3
Comestibles
 d - a bread ration
 g - a meat ration


   Skills:
 - Level 0.8 Short Blades
 - Level 1.5 Dodging
 + Level 4.1 Stealth
 - Level 2.1 Spellcasting
 * Level 3.8 Hexes


You had 3 spell levels left.
You knew the following spells:

 Your Spells              Type           Power        Failure   Level  Hunger
a - Corona                Hex            ###....      4%          1    #......
b - Ensorcelled Hibernat  Hex/Ice        #.....       14%         2    ##.....


Dungeon Overview and Level Annotations

Branches:
Dungeon (3/15)

Altars:
Ru

Annotations:
D:3 mora's ghost, amateur GrBe


Innate Abilities, Weirdness & Mutations

You have extremely sharp teeth.
Your natural rate of healing is unusually fast.
When hurt, damage is shared between your health and your magic reserves.
Your bite disrupts and absorbs the magic of your enemies.
Potions and wands cannot restore your health.
You are immune to rotting.


Message History

Mora's ghost whispers, "Death is liberation."
You see here 8 gold pieces.
You now have 90 gold pieces (gained 8).
Mora's ghost barely misses you. Mora's ghost hits you!
Ouch! That really hurt!
Mora's ghost whispers, "They're coming for you..."
A gnoll comes into view.
Mora's ghost screams in joy, "As in life, so in death: Kill!
Kill!!
Kill!!!"
A gnoll comes into view.
The gnoll hits you.
* * * LOW HITPOINT WARNING * * *
A gnoll comes into view. It is wielding a flail.
The gnoll shouts!
The gnoll closely misses you.
Found a stone staircase leading up.
Mora's ghost shouts, "They lied to you.
The Dungeon just goes down and down forever."
There is a stone staircase leading up here.
The gnoll shouts!
The gnoll hits you with a flail!
You die...

###### ######## #
......####......# ...
............g..#.....
...........Wg@.......
######+#................
.....#.#................
........................
........................
.......?..#.g...........
........................
........................
)...........######


You could see mora's ghost and 3 gnolls.

Vanquished Creatures
  3 giant cockroaches
  3 goblins
  5 hobgoblins
  3 kobolds
  2 quokkas (D:2)
  A ball python (D:1)
  4 bats (D:1)
  3 rats
24 creatures vanquished.

Notes
Turn   | Place    | Note
--------------------------------------------------------------
     0 | D:1      | MrRokkomies the Vine Stalker Enchanter began the quest for the Orb.
     0 | D:1      | Reached XP level 1. HP: 9/9 MP: 4/4
    68 | D:1      | Reached XP level 2. HP: 13/13 MP: 6/6
   100 | D:1      | Learned a level 2 spell: Ensorcelled Hibernation
   655 | D:2      | Reached skill level 4 in Stealth
   694 | D:2      | Found a sacrificial altar of Ru.
   700 | D:2      | Became a worshipper of Ru the Awakened
   888 | D:2      | Reached XP level 3. HP: 16/16 MP: 7/7
  1236 | D:2      | You fall through a shaft!
  1236 | D:3      | Noticed mora's ghost (amateur GrBe)
  1281 | D:3      | Slain by a gnoll

Vault maps used:
D:1:      ncdulo_wetmaze
D:2:      lemuel_round_altar
D:3:      forest_paths, tso_oasis_becter, minmay_divided_ellipse

Action                   || total
-------------------------++-------
Melee: Dagger            ||    95
  Use: Scroll            ||     5
 Stab: Sleeping          ||     4
